 Dungeon Crawl Stone Soup version 0.27.1-2-g3b301248ec (webtiles) character file.

Game seed: 2131466099507475477

5473 Borgoz the Fighter (level 10, 0/66 HPs)
             Began as a Gargoyle Berserker on Sept 26, 2021.
             Was a High Priest of Trog.
             Slain by an orc warrior (12 damage)
             ... on level 8 of the Dungeon.
             The game lasted 00:08:48 (8465 turns).

Borgoz the Fighter (Gargoyle Berserker)             Turns: 8465, Time: 00:08:49

Health: 0/66       AC: 17    Str: 21    XL:     10   Next: 69%
Magic:  10/10      EV: 12    Int: 11    God:    Trog [*****.]
Gold:   489        SH:  0    Dex:  9    Spells: 9/9 levels left

rFire    . . .     SeeInvis .   s - +3 dire flail of Wrath {drain, rElec Int+3 Dex-3}
rCold    + . .     Faith    .   (shield currently unavailable)
rNeg     + . .     Spirit   .   c - +0 ring mail
rPois    ∞         Reflect  .   x - +0 helmet
rElec    +         Harm     .   r - +0 cloak
rCorr    .         Rampage  .   (no gloves)
Will     ++...                  (no boots)
Stlth    ..........             (no amulet)
HPRegen  1.21/turn              y - ring of protection from cold
MPRegen  0.12/turn              (no ring)

@: strong-willed, regenerating
A: sickness immunity, AC +7, negative energy resistance 1, electricity
resistance, torment resistance 1, petrification resistance
a: Renounce Religion, Berserk, Trog's Hand, Brothers in Arms


You were on level 8 of the Dungeon.
You worshipped Trog.
Trog was extremely pleased with you.
You visited 1 branch of the dungeon, and saw 8 of its levels.
You also visited: Sewer and Ossuary.

You collected 489 gold pieces.

Inventory:

Hand Weapons
 s - the +3 dire flail of Wrath (weapon) {drain, rElec Int+3 Dex-3}
   (You found it on level 4 of the Dungeon)

   A truly terrible weapon, it drains the life of any living foe it strikes.
   Int:       It affects your intelligence (+3).
   Dex:       It affects your dexterity (-3).
   rElec:     It insulates you from electricity.
Armour
 c - a +0 ring mail (worn)
 r - a +0 cloak (worn)
 x - a +0 helmet (worn)
Jewellery
 y - a ring of protection from cold (left hand)
 H - the ring "Panan" {Str+6 Int+6}
   (You found it in an ossuary)

   [ring of strength]

   Str:       It affects your strength (+6).
   Int:       It affects your intelligence (+6).
Wands
 l - a wand of flame (13)
 w - a wand of iceblast (7)
Scrolls
 a - a scroll of vulnerability {unknown}
 e - 2 scrolls of fog {unknown}
 f - a scroll of amnesia {unknown}
 h - 2 scrolls of noise {unknown}
 i - a scroll of acquirement {unknown}
 j - 4 scrolls of blinking {unknown}
 n - a scroll of holy word {unknown}
 p - a scroll of immolation {unknown}
 t - 4 scrolls of enchant weapon {unknown}
 u - 2 scrolls of enchant armour {unknown}
 v - 4 scrolls of teleportation {unknown}
 B - 2 scrolls of summoning
 C - 4 scrolls of fear {unknown}
Potions
 b - 6 potions of haste
 d - a potion of cancellation {unknown}
 g - 4 potions of attraction
 k - 5 potions of curing
 m - a potion of heal wounds
 o - 3 potions of brilliance
 q - 5 potions of might
 z - 5 potions of mutation
 A - 3 potions of invisibility
 E - a potion of degeneration {unknown}
 F - a potion of berserk rage {unknown}
 G - 3 potions of flight


   Skills:
 + Level 9.2 Fighting
 + Level 8.4 Maces & Flails
 + Level 8.8 Armour
 + Level 6.7 Dodging


You had 9 spell levels left.
You didn't know any spells.
Your spell library was empty.

Dungeon Overview and Level Annotations

Branches:
Dungeon (8/15)             Temple (0/1) D:7           Sewer (visited)
Ossuary (visited)
   Lair: D:8-11

Altars:
Elyvilon
Kikubaaqudgha
Makhleb
Nemelex Xobeh
Okawaru
Uskayaw
Wu Jian
Xom

Shops:
D:7 [


Innate Abilities, Weirdness & Mutations

You are immune to sickness and miasma.
Your stone body is resilient. (AC +7)
You are immune to poison.
You resist negative energy. (rN+)
You are resistant to electric shocks. (rElec)
You are resistant to unholy torment.
You are immune to petrification.


Message History

The warg is almost dead.
An orc warrior comes into view. It is wielding a +0 mace.
The warg closely misses you.
The orc warrior shouts!
You sock the warg!
You kill the warg!
Trog accepts your kill.
The electric eel shoots out a bolt of lightning at you!
The bolt of electricity hits you. You resist.
You see here a warg corpse.
The electric eel shoots out a bolt of lightning at you!
The bolt of electricity hits you. You resist.
Items here: ( )) ÷÷.
Okay, then.
You start resting.
An orc warrior is nearby!
You are too injured to fight recklessly!
You are too injured to fight recklessly!
You are too injured to fight recklessly!
You barely miss the orc warrior. You closely miss the orc warrior.
The orc warrior hits you but does no damage.
You barely miss the orc warrior.
The orc warrior hits you with a +0 mace!
You closely miss the orc warrior.
The orc warrior hits you with a +0 mace!
* * * LOW HITPOINT WARNING * * *
You closely miss the orc warrior. The orc warrior misses you.
Your skin crawls.
You feel strong-willed.
The orc warrior hits you but does no damage.
You barely miss the orc warrior. The orc warrior misses you.
You hit the orc warrior.
The orc warrior is lightly wounded.
The orc warrior hits you with a +0 mace.
* * * LOW HITPOINT WARNING * * *
You barely miss the orc warrior.
The orc warrior is lightly wounded.
The orc warrior hits you with a +0 mace!
You die...

##.#.#.......#
###
#[#.....8...#.#..
#.....†.####
..### ##......#
.... #.†#..)##
#.. #))#...)###.#
#..###.#[[..#
#<)# #.##)o#.....
#..#
#.##@#...P..♣
#..#
#.##.#..P≈≈.≈
#..#
#.......;≈≈≈≈
#..#
#####...≈≈.≈≈
#..# ...≈.≈≈≈
#... .#.P≈≈.≈
...# .#..♣≈≈≈ ..
#.


You could see an orc warrior.

Vanquished Creatures
  Harold (D:8)
  Pikel (D:3)
  Grinder (D:6)
  Eustachio (D:5)
  A wyvern (D:7)
  2 wargs (D:8)
  A water moccasin (D:7)
  A black bear (D:4)
  A sky beast (D:6)
  2 necrophages
  3 ogres (D:5)
  4 centaurs
  2 phantoms
  A bullfrog (D:8)
  5 kobold brigands
  8 scorpions
  8 wights
  3 howler monkeys (D:8)
  A hound (D:3)
  4 centaur zombies
  2 jellies
  4 orc priests
  A human zombie (Ossuary)
  3 bullfrog skeletons
  2 iguanas
  5 scorpion zombies (Ossuary)
  Natasha (thrice) (D:2)
  3 orc wizards
  2 killer bee zombies
  3 mummies (Ossuary)
  A howler monkey zombie (D:6)
  A howler monkey skeleton (D:5)
  8 adders
  2 river rats (Sewer)
  A white imp (D:6)
  An ufetubus (D:6)
  4 worms
  3 dart slugs
  19 orcs
  5 endoplasms
  6 giant cockroaches
  5 goblins
  7 hobgoblins
  5 jackals
  4 quokkas
  14 ball pythons
  8 bats
  3 frilled lizards
  4 gnoll zombies (Ossuary)
  A goblin zombie (Ossuary)
  2 hobgoblin zombies (Ossuary)
  6 kobolds
  2 kobold zombies (Ossuary)
  7 rats
198 creatures vanquished.

Vanquished Creatures (others)
  2 plants (D:8)
2 creatures vanquished.

Grand Total: 200 creatures vanquished

Notes
Turn   | Place    | Note
-------+----------+-------------------------------------------
     0 | D:1      | Borgoz the Gargoyle Berserker began the quest for the Orb.
     0 | D:1      | Reached XP level 1. HP: 14/14 MP: 1/1
   347 | D:1      | Reached XP level 2. HP: 13/19 MP: 2/2
   538 | D:1      | Found a faded altar of an unknown god.
   686 | D:1      | Reached ** piety under Trog
   689 | D:1      | Reached XP level 3. HP: 22/23 MP: 3/3
  1445 | D:2      | Reached XP level 4. HP: 29/29 MP: 4/4
  1461 | D:2      | Noticed Natasha
  1472 | D:2      | Killed Natasha
  1473 | D:2      | Reached skill level 4 in Fighting
  1892 | D:2      | Noticed Natasha
  1903 | D:2      | Killed Natasha
  1904 | D:2      | Reached XP level 5. HP: 26/33 MP: 5/5
  2129 | D:2      | Noticed Natasha
  2134 | D:2      | Killed Natasha
  2281 | D:3      | Found an ancient bone altar of Kikubaaqudgha.
  2919 | D:3      | Found a burning altar of Makhleb.
  2990 | D:3      | Reached XP level 6. HP: 37/39 MP: 6/6
  3062 | D:3      | Found a sparkling altar of Nemelex Xobeh.
  3206 | D:3      | Found a hide-covered altar of Uskayaw.
  3374 | D:4      | Noticed Pikel
  3401 | D:3      | Killed Pikel
  3402 | D:3      | Reached skill level 5 in Fighting
  3402 | D:3      | Reached skill level 5 in Maces & Flails
  3402 | D:3      | Reached XP level 7. HP: 27/44 MP: 7/7
  3574 | D:4      | Reached skill level 5 in Armour
  3667 | D:4      | Identified the +3 dire flail of Wrath {drain, rElec Int+3
                  | Dex-3}
  3742 | D:4      | Reached *** piety under Trog
  3743 | D:4      | Reached XP level 8. HP: 26/51 MP: 8/8
  3921 | D:4      | Found an iron altar of Okawaru.
  4106 | D:5      | Entered Level 5 of the Dungeon
  4155 | D:5      | Noticed Eustachio
  4161 | D:5      | Reached skill level 6 in Fighting
  4224 | D:5      | Killed Eustachio
  5190 | D:6      | Reached XP level 9. HP: 56/56 MP: 9/9
  5271 | D:6      | Reached skill level 7 in Fighting
  5289 | D:6      | Reached skill level 5 in Dodging
  5470 | D:6      | Found a glowing drain.
  5492 | Sewer    | Entered a sewer
  5711 | Sewer    | Reached **** piety under Trog
  6397 | D:6      | Noticed Grinder
  6406 | D:6      | Killed Grinder
  6923 | D:7      | Reached skill level 8 in Fighting
  7125 | D:7      | Found Saprin's Antique Armour Shop.
  7275 | D:7      | Found a shimmering altar of Xom.
  7310 | D:7      | Found a staircase to the Ecumenical Temple.
  7556 | D:8      | Found a white marble altar of Elyvilon.
  7653 | D:8      | Found an ornate altar of the Wu Jian Council.
  7659 | D:8      | Found a sand-covered staircase.
  7674 | Ossuary  | Entered an ossuary
  7688 | Ossuary  | Reached XP level 10. HP: 64/64 MP: 10/10
  8059 | Ossuary  | Identified the ring "Panan" {Str+6 Int+6}
  8124 | D:8      | Noticed Harold
  8130 | D:8      | Reached ***** piety under Trog
  8140 | D:8      | Killed Harold
  8153 | D:8      | Reached skill level 9 in Fighting
  8465 | D:8      | Slain by an orc warrior

Illustrated notes

Levels and vault maps discovered:
D:1:      matt_arrival_grand_opening, layout_rooms,
          dreamdust_ecumenical_altar_statues,
          hangedman_abyss_or_decor_lesser_grid, minmay_tromino_v4_a
D:2:      layout_rooms, uniq_natasha
D:3:      layout_loops_corners, nicolae_uskayaw_dance_hall,
          kiku_gazebo_pond_becter, nemelex_spade_bored_becter, bloody_makhleb,
          minmay_randomly_rotated_circles
D:4:      layout_gridville, mainiacjoe_overflow_24_doors, uniq_pikel
D:5:      layout_loops_cross, uniq_eustachio
D:6:      layout_cave_pods, portal_sewer_entry_f, kennysheep_cross_bottleneck,
          minmay_pentangle, uniq_grinder
D:7:      layout_cave_pools, mainiacjoe_overflow_tiny_flanked,
          minmay_temple_entry_drinking_statues, serial_shops, nicolae_shop_stone
D:8:      layout_loops_ring, elyvilon_altar_1, kennysheep_mini,
          overflow_temple_1_default, erik_lair_orcish_takeover,
          gammafunk_ghost_grave, nicolae_ossuary_entry_monument,
          serial_bayou_pond_b, uniq_harold

Skill      XL: |  1  2  3  4  5  6  7  8  9 10 |
---------------+-------------------------------+-----
Dodging        | 2 3 4 5 6 |  6.7
Fighting       | 4 5 6 8 9 |  9.2
Armour         | 3 4 5 6 7 8 |  8.8
Maces & Flails | 4 5 6 7 8 |  8.4

Action                   |  1- 3 |  4- 6 |  7- 9 | 10-12 || total
-------------------------+-------+-------+-------+-------++-------
Melee: Mace              |   107 |   124 |    21 |       ||   252
       Dire flail        |       |       |   336 |   187 ||   523
Invok: Berserk           |     1 |     4 |     5 |     1 ||    11
       Trog's Hand       |       |     3 |     1 |     2 ||     6
  Use: Scroll            |       |       |     7 |     1 ||     8
       Potion            |       |       |     1 |       ||     1
 Stab: Distracted        |       |       |       |     1 ||     1
Armor: Ring mail         |    72 |    75 |   248 |   105 ||   500
       Animal skin       |     1 |       |       |       ||     1
Dodge: Dodged            |   108 |    91 |   288 |    94 ||   581
